TOP OF THE 1ST |
Butler White Sox batting - Pitching for Newark Bulldogs : RHP Juan González
|
Pitching: RHP Juan González
|
|
Batting: RHB Luis Fuentes
|
0-0: Ball 1-0: Ball 2-0: Ball 3-0: Base on Balls
|
Batting: LHB Sam Haynes
|
0-0: Ball Luis Fuentes steals 2nd base 1-0: Swinging Strike 1-1: Ball 2-1: Called Strike 2-2: Ball 3-2: Foul Ball, location: 2F 3-2: Strikes out swinging
|
Batting: SHB Ben Marks
|
0-0: Ball 1-0: Ball 2-0: Foul Ball, location: 2F 2-1: Ball 3-1: Swinging Strike 3-2: Foul Ball, location: 2F 3-2: Base on Balls
|
Batting: RHB Steve Clifton
|
0-0: Foul Ball, location: 2F 0-1: Ball 1-1: Ball 2-1: Swinging Strike 2-2: Ball Wild Pitch! Luis Fuentes to third Ben Marks to second 3-2: SINGLE (Line Drive, 4MD) Luis Fuentes scores Ben Marks to third
|
Batting: LHB Josh Pérez
|
0-0: Foul Ball, location: 2F 0-1: Ball Wild Pitch! Ben Marks scores Steve Clifton to second 1-1: Ball 2-1: Swinging Strike 2-2: Ball 3-2: Foul Ball, location: 2F 3-2: Ground out 4-3 (Groundball, 34) Steve Clifton to third
|
Batting: SHB Pedro Martínez
|
0-0: Called Strike 0-1: Fly out, F8 (Line Drive, 89XD)
|
Top of the 1st over - 2 runs, 1 hit, 0 errors, 1 left on base; Butler 2 - Newark 0 |
BOTTOM OF THE 1ST |
Newark Bulldogs batting - Pitching for Butler White Sox : LHP Jason Dean
|
Pitching: LHP Jason Dean
|
|
Batting: RHB José Casillán
|
0-0: Called Strike 0-1: Ball 1-1: Fly out, F4 (Flyball, 4D)
|
Batting: RHB Ben Kearley
|
0-0: Called Strike 0-1: Swinging Strike 0-2: Ball 1-2: Ball 2-2: Ball 3-2: Strikes out swinging
|
Batting: RHB Francisco Domínguez
|
0-0: Ball 1-0: Called Strike 1-1: Ball 2-1: Ball 3-1: Base on Balls
|
Batting: RHB Jesús Solís
|
0-0: Called Strike 0-1: Foul Ball, location: 2F 0-2: Foul Ball, location: 2F 0-2: DOUBLE (Flyball, 8LXD) Francisco Domínguez to third Francisco Domínguez scores
|
Batting: LHB Will O'Dell
|
0-0: Ball 1-0: Ball 2-0: Ball 3-0: Base on Balls
|
Batting: RHB Bill Bourland
|
0-0: Ball 1-0: Ball 2-0: Ball 3-0: Called Strike 3-1: Base on Balls Jesús Solís to third Will O'Dell to second
|
Batting: RHB Toshiki Kokawa
|
0-0: Ball 1-0: Ball 2-0: Ball 3-0: Called Strike 3-1: Base on Balls Jesús Solís scores Will O'Dell to third Bill Bourland to second
|
Batting: RHB Noah Sturges
|
0-0: Ball 1-0: Ball 2-0: Foul Ball, location: 2F 2-1: Called Strike 2-2: Foul Ball, location: 2F 2-2: Strikes out swinging
|
Bottom of the 1st over - 2 runs, 1 hit, 0 errors, 3 left on base; Butler 2 - Newark 2 |
TOP OF THE 2ND |
Butler White Sox batting - Pitching for Newark Bulldogs : RHP Juan González
|
Batting: RHB Ángel Serrano
|
0-0: Ball 1-0: Called Strike 1-1: Foul Ball, location: 2F 1-2: Ball 2-2: Foul Ball, location: 2F 2-2: Ball 3-2: SINGLE (Groundball, 6MD)
|
Batting: RHB Jerry Moore
|
0-0: Ball 1-0: TRIPLE (Flyball, 9D) Ángel Serrano scores
|
Batting: LHB Denny Allen
|
0-0: Foul Ball, location: 2F 0-1: SINGLE (Line Drive, 4MD) Jerry Moore scores
|
Batting: RHB Luis Fuentes
|
0-0: Ball 1-0: Ball 2-0: Ball 3-0: Called Strike 3-1: Ground out 5-3 (Groundball, 56S) Denny Allen to second
|
Batting: LHB Sam Haynes
|
0-0: Called Strike 0-1: Foul Ball, location: 2F 0-2: Ball 1-2: Strikes out looking
|
Batting: SHB Ben Marks
|
0-0: Foul Ball, location: 2F 0-1: Swinging Strike 0-2: Ground out 4-3 (Groundball, 34)
|
Top of the 2nd over - 2 runs, 3 hits, 0 errors, 1 left on base; Butler 4 - Newark 2 |
BOTTOM OF THE 2ND |
Newark Bulldogs batting - Pitching for Butler White Sox : LHP Jason Dean
|
Batting: RHB Edgardo Hernández
|
0-0: Ball 1-0: Called Strike 1-1: Ball 2-1: Foul Ball, location: 2F 2-2: Hit by Pitch
|
Batting: RHB José Casillán
|
0-0: Called Strike 0-1: Ball 1-1: Ball 2-1: Ball 3-1: Called Strike 3-2: Strikes out swinging
|
Batting: RHB Ben Kearley
|
0-0: Ball 1-0: Called Strike Edgardo Hernández is caught stealing 2nd base 1-1: Ground out 1-3 (Groundball, 13S)
|
Bottom of the 2nd over - 0 runs, 0 hits, 0 errors, 0 left on base; Butler 4 - Newark 2 |
TOP OF THE 3RD |
Butler White Sox batting - Pitching for Newark Bulldogs : RHP Juan González
|
Batting: RHB Steve Clifton
|
0-0: Called Strike 0-1: Called Strike 0-2: Foul Ball, location: 2F 0-2: Ball 1-2: Strikes out swinging
|
Batting: LHB Josh Pérez
|
0-0: Called Strike 0-1: Ball 1-1: Ball 2-1: Called Strike 2-2: Ball 3-2: Base on Balls
|
Batting: SHB Pedro Martínez
|
0-0: Ball 1-0: Called Strike 1-1: Called Strike 1-2: Strikes out swinging
|
Batting: RHB Ángel Serrano
|
0-0: Ball 1-0: Called Strike 1-1: Swinging Strike 1-2: Strikes out swinging
|
Top of the 3rd over - 0 runs, 0 hits, 0 errors, 1 left on base; Butler 4 - Newark 2 |
BOTTOM OF THE 3RD |
Newark Bulldogs batting - Pitching for Butler White Sox : LHP Jason Dean
|
Batting: RHB Francisco Domínguez
|
0-0: Called Strike 0-1: Ball 1-1: SINGLE (Flyball, 78M)
|
Batting: RHB Jesús Solís
|
0-0: Ball 1-0: Called Strike 1-1: Ball 2-1: Foul Ball, location: 2F 2-2: Foul Ball, location: 2F 2-2: Ball 3-2: Foul Ball, location: 2F 3-2: Foul Ball, location: 2F 3-2: Base on Balls Francisco Domínguez to second
|
Batting: LHB Will O'Dell
|
0-0: Ball 1-0: Ball 2-0: Foul Ball, location: 2F 2-1: Swinging Strike 2-2: Ball 3-2: Foul Ball, location: 2F 3-2: Strikes out swinging
|
Batting: RHB Bill Bourland
|
0-0: Called Strike 0-1: Fly out, F7 (Flyball, 78D)
|
Batting: RHB Toshiki Kokawa
|
0-0: Ball 1-0: Called Strike 1-1: Called Strike 1-2: Strikes out swinging
|
Bottom of the 3rd over - 0 runs, 1 hit, 0 errors, 2 left on base; Butler 4 - Newark 2 |
TOP OF THE 4TH |
Butler White Sox batting - Pitching for Newark Bulldogs : RHP Juan González
|
Batting: RHB Jerry Moore
|
0-0: Ball 1-0: Called Strike 1-1: Foul Ball, location: 2F 1-2: Ball 2-2: Strikes out looking
|
Batting: LHB Denny Allen
|
0-0: Called Strike 0-1: Foul Ball, location: 2F 0-2: Ball 1-2: Ground out U3 (Groundball, 34)
|
Batting: RHB Luis Fuentes
|
0-0: Ball 1-0: Called Strike 1-1: Foul Ball, location: 2F 1-2: Foul Ball, location: 2F 1-2: Strikes out swinging
|
Top of the 4th over - 0 runs, 0 hits, 0 errors, 0 left on base; Butler 4 - Newark 2 |
BOTTOM OF THE 4TH |
Newark Bulldogs batting - Pitching for Butler White Sox : LHP Jason Dean
|
Batting: RHB Noah Sturges
|
0-0: Called Strike 0-1: Ball 1-1: Ball 2-1: Swinging Strike 2-2: Ball 3-2: Base on Balls
|
Batting: RHB Edgardo Hernández
|
0-0: Ball 1-0: Ground out 6-3 (Groundball, 56D) Noah Sturges to second
|
Batting: RHB José Casillán
|
0-0: Swinging Strike 0-1: Fly out, F8 (Flyball, 8LD)
|
Batting: RHB Ben Kearley
|
0-0: Foul Ball, location: 2F 0-1: Ball 1-1: Ball 2-1: Foul Ball, location: 2F 2-2: Fly out, F6 (Popup, 4M)
|
Bottom of the 4th over - 0 runs, 0 hits, 0 errors, 1 left on base; Butler 4 - Newark 2 |
TOP OF THE 5TH |
Butler White Sox batting - Pitching for Newark Bulldogs : RHP Juan González
|
Pitching: LHP Vicente López
|
|
Batting: LHB Sam Haynes
|
0-0: Ball 1-0: Ball 2-0: Foul Ball, location: 2F 2-1: Ball 3-1: Base on Balls
|
Batting: SHB Ben Marks
|
0-0: Ball 1-0: Foul Ball, location: 2F 1-1: Foul Ball, location: 2F 1-2: Strikes out swinging
|
Batting: RHB Steve Clifton
|
0-0: Called Strike Sam Haynes steals 2nd base 0-1: Ball 1-1: Ball 2-1: Ball 3-1: Ground out 5-3 (Groundball, 56)
|
Batting: LHB Josh Pérez
|
0-0: Ball 1-0: Called Strike 1-1: Foul Ball, location: 2F 1-2: Foul Ball, location: 2F 1-2: Ball 2-2: Ball 3-2: Strikes out looking
|
Top of the 5th over - 0 runs, 0 hits, 0 errors, 1 left on base; Butler 4 - Newark 2 |
BOTTOM OF THE 5TH |
Newark Bulldogs batting - Pitching for Butler White Sox : LHP Jason Dean
|
Batting: RHB Francisco Domínguez
|
0-0: Ball 1-0: SINGLE (Groundball, 6MD)
|
Batting: RHB Jesús Solís
|
0-0: Ball 1-0: Called Strike 1-1: SINGLE (Groundball, 6MD) Francisco Domínguez to second
|
Batting: LHB Will O'Dell
|
0-0: Ball 1-0: SINGLE (Line Drive, 4) Francisco Domínguez to third Jesús Solís to second
|
Batting: RHB Bill Bourland
|
0-0: Swinging Strike 0-1: Foul Ball, location: 2F 0-2: Foul Ball, location: 2F 0-2: Foul Ball, location: 2F 0-2: Grounds into double play, 4-6-3 (Groundball, 4) Francisco Domínguez scores Jesús Solís to third
|
Batting: RHB Toshiki Kokawa
|
0-0: Called Strike 0-1: Fly out, F7 (Flyball, 7LMF)
|
Bottom of the 5th over - 1 run, 3 hits, 0 errors, 1 left on base; Butler 4 - Newark 3 |
TOP OF THE 6TH |
Butler White Sox batting - Pitching for Newark Bulldogs : LHP Vicente López
|
Batting: SHB Pedro Martínez
|
0-0: Ball 1-0: Ball 2-0: Ball 3-0: Called Strike 3-1: Base on Balls
|
Batting: RHB Ángel Serrano
|
0-0: Ball 1-0: Fly out, F7 (Line Drive, 7)
|
Batting: RHB Jerry Moore
|
0-0: Ball 1-0: Called Strike 1-1: Ball 2-1: Called Strike 2-2: Strikes out looking
|
Batting: LHB Denny Allen
|
0-0: Swinging Strike 0-1: Ball 1-1: SINGLE (Groundball, 6S) (infield hit) Pedro Martínez to second
|
Batting: RHB Luis Fuentes
|
0-0: Called Strike 0-1: Ball 1-1: Swinging Strike 1-2: Ground out 1-3 (Groundball, 13S)
|
Top of the 6th over - 0 runs, 1 hit, 0 errors, 2 left on base; Butler 4 - Newark 3 |
BOTTOM OF THE 6TH |
Newark Bulldogs batting - Pitching for Butler White Sox : LHP Jason Dean
|
Pitching: RHP Dan Bailey
|
|
Batting: RHB Noah Sturges
|
0-0: Ball 1-0: Foul Ball, location: 2F 1-1: Ball 2-1: Called Strike 2-2: Foul Ball, location: 2F 2-2: Strikes out swinging
|
Batting: RHB Edgardo Hernández
|
0-0: Ball 1-0: Ball 2-0: Called Strike 2-1: Swinging Strike 2-2: Ball 3-2: Fly out, F7 (Line Drive, 7)
|
Batting: RHB José Casillán
|
0-0: Ground out 6-3 (Groundball, 6)
|
Bottom of the 6th over - 0 runs, 0 hits, 0 errors, 0 left on base; Butler 4 - Newark 3 |
TOP OF THE 7TH |
Butler White Sox batting - Pitching for Newark Bulldogs : LHP Vicente López
|
Batting: LHB Sam Haynes
|
0-0: Ball 1-0: SINGLE (Groundball, 6MD)
|
Batting: SHB Ben Marks
|
0-0: Ball Wild Pitch! Sam Haynes to second 1-0: Swinging Strike 1-1: DOUBLE (Line Drive, 8RXD) Sam Haynes scores
|
Pitching: RHP Gerald Dunham
|
|
Batting: RHB Steve Clifton
|
0-0: Ball 1-0: Fly out, F9 (Flyball, 9S)
|
Pitching: LHP José Reyes
|
|
Batting: LHB Josh Pérez
|
0-0: Ball 1-0: Ball 2-0: Ball 3-0: Base on Balls
|
Batting: SHB Pedro Martínez
|
0-0: Fly out, F5 (Line Drive, 5S)
|
Batting: RHB Ángel Serrano
|
0-0: Called Strike 0-1: Ground out 5-3 (Groundball, 5S)
|
Top of the 7th over - 1 run, 2 hits, 0 errors, 2 left on base; Butler 5 - Newark 3 |
BOTTOM OF THE 7TH |
Newark Bulldogs batting - Pitching for Butler White Sox : RHP Dan Bailey
|
Batting: RHB Ben Kearley
|
0-0: Ball 1-0: Foul Ball, location: 2F 1-1: Foul Ball, location: 2F 1-2: Ball 2-2: Foul Ball, location: 2F 2-2: Fly out, F7 (Flyball, 7LD)
|
Batting: RHB Francisco Domínguez
|
0-0: Called Strike 0-1: Foul Ball, location: 2F 0-2: Ball 1-2: SINGLE (Line Drive, 8LS)
|
Batting: RHB Jesús Solís
|
0-0: Ball 1-0: Ball 2-0: Ball 3-0: Called Strike 3-1: Called Strike 3-2: Foul Ball, location: 2F 3-2: DOUBLE (Line Drive, 7LM) Francisco Domínguez to third Runner from 3rd tries for Home, SAFE, no throw
|
Pitching: LHP Francisco Ramírez
|
|
Batting: LHB Will O'Dell
|
0-0: Ball 1-0: Ball 2-0: Called Strike 2-1: Swinging Strike 2-2: Fly out, F7 (Flyball, 78D)
|
Pitching: RHP Steve Newman
|
|
Batting: RHB Bill Bourland
|
0-0: Called Strike 0-1: Ground out 5-3 (Groundball, 5)
|
Bottom of the 7th over - 1 run, 2 hits, 0 errors, 1 left on base; Butler 5 - Newark 4 |
TOP OF THE 8TH |
Butler White Sox batting - Pitching for Newark Bulldogs : LHP José Reyes
|
Batting: RHB Jerry Moore
|
0-0: Fly out, F5 (Popup, 56S)
|
Batting: LHB Denny Allen
|
0-0: Ground out 6-3 (Groundball, 56)
|
Batting: RHB Luis Fuentes
|
0-0: Ball 1-0: Ball 2-0: Swinging Strike 2-1: Ground out 4-3 (Groundball, 4)
|
Top of the 8th over - 0 runs, 0 hits, 0 errors, 0 left on base; Butler 5 - Newark 4 |
BOTTOM OF THE 8TH |
Newark Bulldogs batting - Pitching for Butler White Sox : RHP Steve Newman
|
Batting: RHB Toshiki Kokawa
|
0-0: Called Strike 0-1: Ball 1-1: Ball 2-1: Foul Ball, location: 2F 2-2: Fly out, F8 (Flyball, 8RD)
|
Batting: RHB Noah Sturges
|
0-0: Swinging Strike 0-1: Foul Ball, location: 2F 0-2: SINGLE (Groundball, 4MD)
|
Pitching: RHP Armando Rodríguez
|
|
Pinch Hitting: LHB Carl Hayden
|
0-0: Fly out, F7 (Line Drive, 7LD)
|
Pinch Hitting: LHB Ángel Tuzzi
|
0-0: Foul Ball, location: 2F 0-1: Fly out, F8 (Flyball, 78D)
|
Bottom of the 8th over - 0 runs, 1 hit, 0 errors, 1 left on base; Butler 5 - Newark 4 |
TOP OF THE 9TH |
Butler White Sox batting - Pitching for Newark Bulldogs : LHP José Reyes
|
Pitching: RHP Bart Brown
|
|
Now at SS: Lyle Jackson
|
|
Now in CF: Ángel Tuzzi
|
|
Batting: LHB Sam Haynes
|
0-0: Foul Ball, location: 2F 0-1: Ball 1-1: Called Strike 1-2: Ball 2-2: Foul Ball, location: 2F 2-2: Ball 3-2: Strikes out looking
|
Batting: SHB Ben Marks
|
0-0: Called Strike 0-1: Ball 1-1: Ball 2-1: SINGLE (Line Drive, 8LS)
|
Batting: RHB Steve Clifton
|
0-0: SINGLE (Line Drive, 8RS) Ben Marks to second Runner from 2nd tries for 3rd, SAFE, no throw
|
Batting: LHB Josh Pérez
|
0-0: Called Strike 0-1: Ball 1-1: Ball 2-1: Fly out, F3 (Popup, 3F)
|
Batting: SHB Pedro Martínez
|
0-0: Called Strike 0-1: Ball 1-1: Foul Ball, location: 2F 1-2: Fly out, F7 (Flyball, 7D)
|
Top of the 9th over - 0 runs, 2 hits, 0 errors, 2 left on base; Butler 5 - Newark 4 |
BOTTOM OF THE 9TH |
Newark Bulldogs batting - Pitching for Butler White Sox : RHP Armando Rodríguez
|
Pitching: RHP Wilson Yoxall
|
|
Batting: RHB Ben Kearley
|
0-0: Ball 1-0: Called Strike 1-1: SINGLE (Popup, 34D)
|
Pinch Runner at 1st Juan Rodríguez:
|
|
Batting: RHB Francisco Domínguez
|
0-0: Called Strike 0-1: Foul Ball, location: 2F 0-2: Ball 1-2: Foul Ball, location: 2F 1-2: Strikes out swinging
|
Pinch Hitting: LHB Jorge Hernández
|
0-0: Called Strike 0-1: Foul Ball, location: 2F 0-2: Ball 1-2: Fielders Choice at 2nd, 4-6 (Groundball, 4)
|
Batting: LHB Will O'Dell
|
0-0: Ball 1-0: Ball 2-0: Foul Ball, location: 2F 2-1: Foul Ball, location: 2F 2-2: Ball 3-2: Base on Balls Jorge Hernández to second
|
Batting: RHB Bill Bourland
|
0-0: SINGLE (Line Drive, 4MD) Jorge Hernández to third Will O'Dell to second Runner from 3rd tries for Home, SAFE, no throw
|
Batting: RHB Toshiki Kokawa
|
0-0: Ball 1-0: Ball 2-0: Ball 3-0: Called Strike 3-1: Base on Balls Will O'Dell to third Bill Bourland to second
|
Batting: RHB Noah Sturges
|
0-0: Foul Ball, location: 2F 0-1: Foul Ball, location: 2F 0-2: Strikes out swinging
|
Bottom of the 9th over - 1 run, 2 hits, 0 errors, 3 left on base; Butler 5 - Newark 5 |
TOP OF THE 10TH |
Butler White Sox batting - Pitching for Newark Bulldogs : RHP Bart Brown
|
Now at C: Pablo Gómez
|
|
Now at 1B: Juan Rodríguez
|
|
Pinch Hitting: LHB Thomas Dixon
|
0-0: Ground out 1-3 (Groundball, 13S)
|
Batting: RHB Jerry Moore
|
0-0: Fly out, F6 (Line Drive, 6M)
|
Batting: LHB Denny Allen
|
0-0: Called Strike 0-1: Foul Ball, location: 2F 0-2: Strikes out looking
|
Top of the 10th over - 0 runs, 0 hits, 0 errors, 0 left on base; Butler 5 - Newark 5 |
BOTTOM OF THE 10TH |
Newark Bulldogs batting - Pitching for Butler White Sox : RHP Wilson Yoxall
|
Pitching: LHP Dexter Browning
|
|
Now in RF: William Wilson
|
|
Pinch Hitting: RHB José Antonio Delgado
|
0-0: Ball 1-0: Fly out, F5 (Popup, 25F)
|
Batting: LHB Ángel Tuzzi
|
0-0: Called Strike 0-1: Swinging Strike 0-2: Strikes out swinging
|
Batting: SHB Juan Rodríguez
|
0-0: Ball 1-0: Ball 2-0: Foul Ball, location: 2F 2-1: Foul Ball, location: 2F 2-2: SINGLE (Flyball, 7S)
|
Batting: RHB Francisco Domínguez
|
0-0: Called Strike 0-1: Swinging Strike 0-2: Strikes out swinging
|
Bottom of the 10th over - 0 runs, 1 hit, 0 errors, 1 left on base; Butler 5 - Newark 5 |
TOP OF THE 11TH |
Butler White Sox batting - Pitching for Newark Bulldogs : RHP Bart Brown
|
Pitching: RHP Roberto Cordero
|
|
Now at SS: David Boyle
|
|
Batting: RHB Luis Fuentes
|
0-0: Swinging Strike 0-1: Called Strike 0-2: Strikes out looking
|
Batting: LHB Sam Haynes
|
0-0: Ball 1-0: Foul Ball, location: 2F 1-1: Called Strike 1-2: DOUBLE (Flyball, 78XD)
|
Batting: SHB Ben Marks
|
0-0: Intentional Walk
|
Batting: RHB Steve Clifton
|
0-0: Called Strike 0-1: Swinging Strike 0-2: Strikes out swinging
|
Batting: LHB Josh Pérez
|
0-0: Ball 1-0: SINGLE (Groundball, 34D) Sam Haynes to third Ben Marks to second Runner from 3rd tries for Home, SAFE, no throw
|
Batting: SHB Pedro Martínez
|
0-0: Ball 1-0: Swinging Strike 1-1: Fly out, F8 (Flyball, 8RS)
|
Top of the 11th over - 1 run, 2 hits, 0 errors, 2 left on base; Butler 6 - Newark 5 |
BOTTOM OF THE 11TH |
Newark Bulldogs batting - Pitching for Butler White Sox : LHP Dexter Browning
|
Batting: RHB Pablo Gómez
|
0-0: Ground out 6-3 (Groundball, 6)
|
Batting: LHB Will O'Dell
|
0-0: Called Strike 0-1: Ball 1-1: Swinging Strike 1-2: Ball 2-2: Ball 3-2: Base on Balls
|
Batting: RHB Bill Bourland
|
0-0: Called Strike 0-1: Ball 1-1: Swinging Strike 1-2: Strikes out swinging
|
Batting: RHB Toshiki Kokawa
|
0-0: Called Strike 0-1: Foul Ball, location: 2F 0-2: Strikes out looking
|
Bottom of the 11th over - 0 runs, 0 hits, 0 errors, 1 left on base; Butler 6 - Newark 5 |
|